[Event "Team 45 45 League T58"]
[Site "Internet Chess Club"]
[Date "2013.08.25"]
[Round "1"]
[White "stanbeers"]
[Black "Megasus"]
[Result "1/2-1/2"]
[WhiteElo "1497"]
[BlackElo "1452"]
[Opening "Old Indian: Janowski variation"]
[ECO "A53"]
[Time "20:02:52"]
[TimeControl "2700+45"]

1. d4 Nf6 2. c4 d6 3. Nc3 Bf5 4. Nf3 h6 5. e3 Na6 6. Qa4+ Qd7 7. Qb3 c6 8. a4
Rb8 9. c5 Nc7 10. Bc4 Be6 11. O-O Bxc4 12. Qxc4 d5 13. Qe2 Qf5 14. b4 Na6 15.
Ba3 e6 16. b5 Nc7 17. Ne5 Nd7 18. Nxd7 Kxd7 19. a5 a6 20. b6 Ne8 21. Rfe1 Nf6
22. f3 Re8 23. e4 Qg6 24. Qd2 Be7 25. Qf4 Rc8 26. Qe3 Rhe8 27. Ne2 Nh5 28. Nf4
Qg5 29. Nxh5 Qxh5 30. Ra2 g5 31. Rae2 Bf6 32. e5 Be7 33. g4 Qg6 34. Bc1 Rh8 35.
h3 Rcg8 36. Rg2 h5 37. Qe2 hxg4 38. fxg4 Rxh3 39. Rh2 Rgh8 40. Rxh3 Rxh3 41. Qg2
Qh6 42. Re2 Qh4 43. Re3 Rxe3 44. Bxe3 f6 45. Bf2 Qh6 46. Qg3 Qg6 47. exf6 Qxf6
48. Qc7+ Ke8 49. Qxb7 Qf4 50. Qxc6+ Kf7 51. Qa4 Qxg4+ 52. Kf1 Qh3+ 53. Kg1 Qg4+
54. Kh2 Qf4+ 55. Bg3 Qd2+ 56. Kh3 g4+ 57. Kxg4 Qg5+ 58. Kf3 Qf5+ 59. Kg2 Qe4+
{Game drawn by mutual agreement} 1/2-1/2

[Event "Team 45 45 League T58"]
[Site "Internet Chess Club"]
[Date "2013.08.21"]
[Round "1"]
[White "JDD01"]
[Black "Constrictor"]
[Result "1-0"]
[WhiteElo "1712"]
[BlackElo "1750"]
[Opening "Caro-Kann: exchange variation"]
[ECO "B13"]
[Time "20:00:08"]
[TimeControl "2700+45"]

1. e4 c6 2. d4 d5 3. exd5 cxd5 4. Nf3 Bg4 5. Be2 Nf6 6. h3 Bh5 7. Nc3 e6 8. Be3
Bb4 9. Bd2 O-O 10. a3 Ba5 11. g4 Bg6 12. Ne5 Nc6 13. h4 Nxd4 14. h5 Bxc2 15. Qc1
Bb3 16. h6 Nc2+ 17. Kf1 Nxa1 18. hxg7 Re8 19. Bg5 Bxc3 20. bxc3 Bc4 21. Qf4
Bxe2+ 22. Kxe2 Rc8 23. Bxf6 Qb6 24. Rxh7 Qb2+ 25. Kf3 Qxc3+ 26. Kg2 Kxh7 27.
Qh2+ {Black resigns} 1-0

[Event "Team 45 45 League T58"]
[Site "Internet Chess Club"]
[Date "2013.08.24"]
[Round "1"]
[White "elessar"]
[Black "clarinetref"]
[Result "0-1"]
[WhiteElo "1618"]
[BlackElo "1672"]
[Opening "Sicilian defense"]
[ECO "B40"]
[Time "19:05:21"]
[TimeControl "2700+45"]

1. e4 e6 2. Nf3 c5 3. Nc3 d6 4. d4 cxd4 5. Nxd4 a6 6. Bd3 Be7 7. Be3 Nc6 8. Qd2
Nf6 9. h3 Ne5 10. O-O-O Qc7 11. f4 Nxd3+ 12. Qxd3 b5 13. g4 b4 14. Nce2 Bb7 15.
Ng3 Nd7 16. Nde2 Qa5 17. Kb1 Rc8 18. Rhg1 Nc5 19. Bxc5 Qxc5 20. Qd4 Qxc2+ 21.
Ka1 Bf6 22. e5 dxe5 23. Qd7+ Kf8 24. Rc1 Rd8 25. Qxd8+ Bxd8 26. Rxc2 exf4 27.
Nxf4 g6 28. Rd1 Bg5 29. Nfe2 Kg7 30. Ng1 Bd5 31. Rf1 f5 32. gxf5 gxf5 33. Nxf5+
Kg6 34. Ng3 b3 35. axb3 Bxb3 36. Rc3 Bd5 37. Nf3 Bf6 38. Rb3 Bxb3 {White
resigns} 0-1

[Event "Team 45 45 League T58"]
[Site "Internet Chess Club"]
[Date "2013.08.22"]
[Round "1"]
[White "tryanything"]
[Black "Hal2001"]
[Result "0-1"]
[WhiteElo "1586"]
[BlackElo "1588"]
[Opening "Modern defense"]
[ECO "A40"]
[Time "21:11:04"]
[TimeControl "2700+45"]

1. d4 g6 2. Bf4 Bg7 3. Nf3 c5 4. e3 cxd4 5. exd4 Nf6 6. c3 O-O 7. Bd3 d6 8. h3
Nc6 9. O-O a6 10. a4 Bd7 11. Nbd2 Rc8 12. Re1 Re8 13. Ne4 Qb6 14. Nxf6+ Bxf6 15.
Re2 Be6 16. b4 Na7 17. Rc1 Bc4 18. Bxc4 Rxc4 19. Qd3 Rc7 20. Rec2 Bg7 21. h4 h5
22. a5 Qb5 23. Qe3 e5 24. dxe5 dxe5 25. Nxe5 Nc6 26. c4 Qa4 27. Qc5 Bxe5 28. Re2
Rce7 29. Rce1 Qxb4 30. Qxb4 Nxb4 31. Rxe5 Rxe5 32. Rxe5 Rxe5 33. Bxe5 Nc6 34.
Bc7 Kf8 35. f4 f5 36. Kf2 Ke7 37. c5 Ke6 38. Ke3 Kd5 39. Bb6 Nb8 40. Kd3 Nd7 41.
g3 Nxc5+ 42. Ke3 Kc6 43. Kd4 Nd7 44. Kc4 Nxb6+ 45. axb6 Kxb6 46. Kd5 Kb5 47. Ke5
a5 48. Kf6 a4 49. Kxg6 a3 50. Kxh5 a2 {White resigns} 0-1

[Event "Team 45 45 League T58"]
[Site "Internet Chess Club"]
[Date "2013.08.25"]
[Round "1"]
[White "ricnic"]
[Black "PostMike"]
[Result "1-0"]
[WhiteElo "1484"]
[BlackElo "1468"]
[Opening "Queen's pawn: London system"]
[ECO "A45"]
[Time "14:30:05"]
[TimeControl "2700+45"]

1. d4 Nf6 2. Bf4 e6 3. e3 b6 4. Nf3 Bb7 5. Nbd2 Be7 6. h3 O-O 7. c3 Bd6 8. Ne5
Nh5 9. Qxh5 c5 10. Bd3 g6 11. Qg4 Be7 12. h4 h5 13. Qh3 cxd4 14. exd4 d6 15.
Nef3 Nd7 16. g4 Nf6 17. gxh5 Nxh5 18. Bg5 Kg7 19. O-O-O Rh8 20. Be4 d5 21. Bc2
Ba6 22. Rde1 Bxg5 23. Nxg5 Qc7 24. Qf3 Rae8 25. Re3 Bc8 26. Nf1 f6 27. Nh3 e5
28. dxe5 Rxe5 29. Rxe5 fxe5 30. Qxd5 Bb7 31. Qd3 e4 32. Qd4+ Kh6 33. Rg1 Rd8 34.
Qe3+ Kg7 35. Ng5 Re8 36. Ng3 Nf6 {Black resigns} 1-0

[Event "Team 45 45 League T58"]
[Site "Internet Chess Club"]
[Date "2013.08.27"]
[Round "1"]
[White "MBAStudent"]
[Black "gcl"]
[Result "1-0"]
[WhiteElo "1622"]
[BlackElo "1649"]
[Opening "Sicilian: closed"]
[ECO "B23"]
[Time "19:01:04"]
[TimeControl "2700+45"]

1. e4 c5 2. Nc3 e6 3. f4 a6 4. Nf3 Nc6 5. a4 d5 6. exd5 exd5 7. d4 Nf6 8. Be2
Bg4 9. O-O Bxf3 10. Bxf3 Nxd4 11. Re1+ Be7 12. Bxd5 Nxd5 13. Nxd5 Qxd5 14. c3
Rd8 15. cxd4 Rd7 16. Re5 Qxd4+ 17. Qxd4 cxd4 18. Bd2 O-O 19. Rae1 Bf6 20. R5e4
g6 21. Bb4 Rc8 22. Re8+ Rxe8 23. Rxe8+ Kg7 24. Bf8+ Kg8 25. Bh6# {Black
checkmated} 1-0

[Event "Team 45 45 League T58"]
[Site "Internet Chess Club"]
[Date "2013.08.24"]
[Round "1"]
[White "Whalen"]
[Black "John3v16"]
[Result "0-1"]
[WhiteElo "1664"]
[BlackElo "1725"]
[Opening "Grünfeld defense"]
[ECO "D80"]
[Time "09:03:42"]
[TimeControl "2700+45"]

1. d4 Nf6 2. c4 g6 3. Nc3 d5 4. e3 c6 5. h3 Bg7 6. Nf3 O-O 7. Bd3 dxc4 8. Bxc4
Nbd7 9. O-O b5 10. Bb3 a6 11. Re1 c5 12. dxc5 Nxc5 13. Bc2 Bb7 14. Rb1 Qc7 15.
b4 Rad8 16. Qe2 Nce4 17. Nxe4 Nxe4 18. Bxe4 Bxe4 19. Rb3 Bc2 20. Bb2 Bxb3 21.
Bxg7 Bc4 22. Qb2 Rfe8 23. Bh6 e5 24. Ng5 f5 25. Nf3 Rd3 26. Bg5 Qg7 27. Nd2 e4
28. Qxg7+ Kxg7 29. Nxc4 bxc4 30. Kf1 Rb8 31. Bf4 Rxb4 32. Rc1 Kf6 33. a3 Rb2 34.
g4 c3 35. g5+ Ke6 36. Bc7 Ra2 37. Ba5 Rxa3 38. Bb4 Rb3 39. Ba5 Kd5 40. Kg2 Kc4
41. Kg3 Rb5 42. Bc7 Kb3 {White resigns} 0-1

[Event "Team 45 45 League T58"]
[Site "Internet Chess Club"]
[Date "2013.08.24"]
[Round "1"]
[White "kabindra"]
[Black "parrot9"]
[Result "1-0"]
[WhiteElo "1817"]
[BlackElo "1597"]
[Opening "Sicilian: Smith-Morra gambit"]
[ECO "B21"]
[Time "09:02:13"]
[TimeControl "2700+45"]

1. e4 c5 2. d4 cxd4 3. c3 Nf6 4. e5 Nd5 5. cxd4 e6 6. Nc3 d6 7. Nf3 Nc6 8. exd6
Bxd6 9. Nxd5 exd5 10. Bd3 h6 11. O-O O-O 12. a3 Re8 13. Bc2 Ne7 14. Nh4 g5 15.
Qd3 Kf8 16. Qh7 Ng8 17. Nf5 Bxf5 18. Qxf5 Rc8 19. Bb3 Nf6 20. h4 Re4 21. hxg5
Rh4 22. g3 Rg4 23. gxf6 Rg6 24. Qxd5 Qxf6 25. Kg2 Rd8 26. Be3 Bxg3 27. Qxf7+
Qxf7 28. Bxf7 Kxf7 29. fxg3+ Ke6 30. Rh1 {Black resigns} 1-0

[Event "Team 45 45 League T58"]
[Site "Internet Chess Club"]
[Date "2013.08.26"]
[Round "1"]
[White "rayonline53"]
[Black "Lumumba"]
[Result "1-0"]
[WhiteElo "1664"]
[BlackElo "1556"]
[Opening "Colle system"]
[ECO "D05"]
[Time "18:00:35"]
[TimeControl "2700+45"]

1. d4 d5 2. Nf3 Nf6 3. e3 e6 4. Bd3 c5 5. c3 Nc6 6. O-O Bd6 7. Nbd2 O-O 8. Re1
e5 9. dxe5 Nxe5 10. Nxe5 Bxe5 11. h3 h6 12. e4 dxe4 13. Nxe4 Nxe4 14. Bxe4 Qxd1
15. Rxd1 Rb8 16. Be3 b6 17. f4 Bf6 18. Kf2 Bb7 19. Bxb7 Rxb7 20. Kf3 Re8 21. Bf2
Rbe7 22. Re1 Rxe1 23. Rxe1 Rxe1 24. Bxe1 Kf8 25. Ke4 Ke8 26. Kd5 Be7 27. Kc6 Kd8
28. Kb7 Kd7 29. a4 h5 30. b4 cxb4 31. cxb4 Bd6 32. f5 g6 33. fxg6 fxg6 34. b5 g5
35. Bf2 Bc5 36. Bg3 g4 37. Bb8 {Black resigns} 1-0

[Event "Team 45 45 League T58"]
[Site "Internet Chess Club"]
[Date "2013.08.25"]
[Round "1"]
[White "QuieroAprender"]
[Black "Signalman"]
[Result "1/2-1/2"]
[WhiteElo "1689"]
[BlackElo "1649"]
[Opening "French: advance, Wade variation"]
[ECO "C02"]
[Time "14:04:14"]
[TimeControl "2700+45"]

1. e4 e6 2. d4 d5 3. e5 c5 4. c3 Qb6 5. Nf3 Bd7 6. Be2 Bb5 7. O-O Bxe2 8. Qxe2
cxd4 9. cxd4 Ne7 10. g4 Nec6 11. Be3 Be7 12. a3 Na5 13. b4 Nc4 14. Nbd2 Nxe3 15.
Qxe3 a6 16. Nb3 Nc6 17. Nfd2 h6 18. f4 Rc8 19. Nc5 Nd8 20. Ndb3 Qc7 21. Rac1 Nc6
22. f5 Bg5 23. Qf3 Bxc1 24. Rxc1 exf5 25. gxf5 Qd8 26. Nxb7 Nxd4 27. Nd6+ Kf8
28. Qxd5 Rxc1+ 29. Nxc1 Qg5+ 30. Kf2 Qf4+ 31. Kg2 Qd2+ 32. Kh3 Qc3+ 33. Kg2 Qd2+
{Game drawn by mutual agreement} 1/2-1/2

[Event "Team 45 45 League T58"]
[Site "Internet Chess Club"]
[Date "2013.08.26"]
[Round "1"]
[White "oldway"]
[Black "palm47"]
[Result "1/2-1/2"]
[WhiteElo "1536"]
[BlackElo "1617"]
[Opening "Petrov: modern attack, Symmetrical variation"]
[ECO "C43"]
[Time "11:00:28"]
[TimeControl "2700+45"]

1. e4 e5 2. Nf3 Nf6 3. d4 Nxe4 4. Bd3 Nc6 5. dxe5 Nc5 6. Nc3 d5 7. exd6 Bxd6 8.
Qe2+ Qe7 9. Qxe7+ Kxe7 10. Nd5+ Kd8 11. Bg5+ f6 12. Nxf6 Nxd3+ 13. cxd3 Bb4+ 14.
Kd1 Be7 15. Nd5 Bg4 16. Nxe7 Nxe7 17. Bxe7+ Kxe7 18. Re1+ Kf7 19. Re3 Rhe8 20.
Kd2 Bxf3 21. Rxf3+ Kg6 22. Re1 Rxe1 23. Kxe1 Rd8 24. Kd2 c5 25. Kc3 a6 26. Rf4
b6 27. Re4 Kf5 28. h4 h5 29. f3 Rd6 30. g4+ hxg4 31. fxg4+ Kf6 32. d4 cxd4+ 33.
Rxd4 Rc6+ 34. Kd3 g6 35. a4 Ke5 36. Rc4 Rd6+ 37. Kc3 Rd1 38. Kc2 Rh1 39. g5 Kd5
40. Rf4 a5 41. Rf6 Rxh4 42. Rxg6 Rxa4 43. Rxb6 Kc5 44. Rf6 Rg4 45. g6 Kc4 46.
Ra6 Rg2+ 47. Kb1 Kb3 48. Rb6+ Kc4 49. Ka2 Rg3 50. b3+ Kc5 51. Rf6 Kb4 52. Rf4+
Kc5 53. Rf5+ Kb4 54. Rf4+ Kc5 55. Rf5+ Kb4 56. Rf4+ {Game drawn by repetition}
1/2-1/2

[Event "Team 45 45 League T58"]
[Site "Internet Chess Club"]
[Date "2013.08.24"]
[Round "1"]
[White "Nxs123"]
[Black "werty"]
[Result "1/2-1/2"]
[WhiteElo "1549"]
[BlackElo "1564"]
[Opening "French: advance, Paulsen attack"]
[ECO "C02"]
[Time "14:30:32"]
[TimeControl "2700+45"]

1. e4 e6 2. d4 d5 3. e5 c5 4. c3 Nc6 5. Nf3 Qb6 6. a3 c4 7. Be2 Bd7 8. O-O f5 9.
Re1 h6 10. Nh4 O-O-O 11. Ng6 Rh7 12. Nd2 Nge7 13. Bh5 Be8 14. Nxe7+ Bxe7 15.
Bxe8 Rxe8 16. Qh5 Rhh8 17. Qg6 Na5 18. Qxg7 Bg5 19. Re2 Rhg8 20. Qf7 Qd8 21. Qh5
Rg7 22. Nf3 Reg8 23. Bxg5 hxg5 24. Nd2 g4 25. Qh6 Rg6 26. Qf4 Qg5 27. Qxg5 Rxg5
28. g3 Rf8 29. Kg2 f4 30. gxf4 Rxf4 31. Re3 Nc6 32. Rf1 Ne7 33. Kg3 Ng6 34. b3
cxb3 35. Nxb3 Rh5 36. Nc5 Rh3+ 37. Kg2 Nh4+ 38. Kg1 Nf3+ 39. Kg2 Nh4+ 40. Kg1
Nf3+ 41. Kg2 Nh4+ {Game drawn by repetition} 1/2-1/2

[Event "Team 45 45 League T58"]
[Site "Internet Chess Club"]
[Date "2013.08.25"]
[Round "1"]
[White "evan7284"]
[Black "houseofcook"]
[Result "1-0"]
[WhiteElo "1724"]
[BlackElo "1511"]
[Opening "Torre attack (Tartakower variation)"]
[ECO "D03"]
[Time "07:01:30"]
[TimeControl "2700+45"]

1. d4 d5 2. Nf3 Nf6 3. Bg5 e6 4. e3 Be7 5. Bd3 h6 6. Bh4 O-O 7. Nbd2 Nbd7 8. O-O
c5 9. c3 b6 10. Ne5 Bb7 11. f4 Ne4 12. Bxe7 Qxe7 13. Qc2 Nxe5 14. fxe5 Nxd2 15.
Qxd2 cxd4 16. exd4 a5 17. Qe2 f5 18. exf6 Rxf6 19. Rxf6 Qxf6 20. Re1 Bc8 21. Rf1
Qe7 22. Rf3 Bd7 23. Qf2 Rf8 24. Bh7+ Kxh7 25. Rxf8 Qg5 26. Qf4 Qg6 27. Qf1 Qe4
28. Rf3 Be8 29. Qd3 Bg6 30. Qxe4 dxe4 31. Rf8 e3 32. Kf1 Bd3+ 33. Ke1 e2 34. Re8
b5 35. Rxe6 Kg8 36. Rxe2 Bxe2 37. Kxe2 Kf7 38. b3 Ke6 39. c4 b4 40. Ke3 Kd6 41.
Ke4 Ke6 42. d5+ Kd6 43. Kd4 {Black resigns} 1-0

[Event "Team 45 45 League T58"]
[Site "Internet Chess Club"]
[Date "2013.08.24"]
[Round "1"]
[White "SirIvanhoe"]
[Black "g8wrb"]
[Result "0-1"]
[WhiteElo "1489"]
[BlackElo "1423"]
[Opening "French: King's Indian attack"]
[ECO "C00"]
[Time "13:11:54"]
[TimeControl "2700+45"]

1. e4 e6 2. d3 d5 3. Nd2 Nf6 4. Ngf3 c5 5. g3 Nc6 6. Bg2 Be7 7. O-O O-O 8. e5
Nd7 9. Re1 Qc7 10. Qe2 b5 11. Nf1 Ba6 12. Bf4 Rab8 13. a3 Rfe8 14. h4 Qb6 15.
Qd2 Bd8 16. Bh3 Nf8 17. N1h2 Ng6 18. Bg5 Bc7 19. Bf4 Qb7 20. h5 Nxf4 21. Qxf4
Re7 22. g4 b4 23. g5 bxa3 24. bxa3 Qb2 25. Qd2 Ba5 26. c3 Qxc3 {White forfeits
on time} 0-1

[Event "Team 45 45 League T58"]
[Site "Internet Chess Club"]
[Date "2013.08.25"]
[Round "1"]
[White "guyd52"]
[Black "Gilguli"]
[Result "0-1"]
[WhiteElo "1357"]
[BlackElo "1421"]
[Opening "Réti: King's Indian attack"]
[ECO "A05"]
[Time "17:30:41"]
[TimeControl "2700+45"]

1. Nf3 Nf6 2. g3 g6 3. Bg2 Bg7 4. O-O O-O 5. d3 c6 6. Nbd2 d5 7. e4 dxe4 8. Nxe4
Nxe4 9. dxe4 Qb6 10. c3 Bg4 11. Qc2 Nd7 12. Be3 Qc7 13. Bg5 Rfe8 14. Bf4 Qb6 15.
Be3 Qa5 16. h3 Be6 17. Rfd1 Rad8 18. Bd4 Bxd4 19. Rxd4 Nf6 20. Ra4 Qb6 21. Nd4
Bc8 22. Qb3 Qxb3 23. Nxb3 a6 24. Rd4 b6 25. Rad1 Rxd4 26. Rxd4 e5 27. Rd6 Kg7
28. Rxc6 b5 29. Nc5 Rd8 30. Nxa6 Bxa6 31. Rxa6 Rd1+ 32. Bf1 Nxe4 33. Rb6 Nd2 34.
Rxb5 Nxf1 35. Kg2 e4 36. Re5 Re1 37. a4 Nd2 38. Rd5 Nf3 39. Rd7 Rg1# {White
checkmated} 0-1

[Event "Team 45 45 League T58"]
[Site "Internet Chess Club"]
[Date "2013.08.21"]
[Round "1"]
[White "semperfi"]
[Black "JohLeb"]
[Result "1/2-1/2"]
[WhiteElo "1389"]
[BlackElo "1398"]
[Opening "Queen's pawn: stonewall attack"]
[ECO "D00"]
[Time "18:00:11"]
[TimeControl "2700+45"]

1. d4 d5 2. e3 Nf6 3. Bd3 Nc6 4. c3 Bg4 5. Qb3 Rb8 6. Nd2 e6 7. f4 Bd6 8. Ngf3
O-O 9. O-O Ne7 10. Ne5 Bf5 11. Qc2 Ng4 12. Nxg4 Bxg4 13. Bxh7+ Kh8 14. Bd3 Bf5
15. Nf3 Bxd3 16. Qxd3 Nf5 17. Ne5 c5 18. Qe2 g6 19. Rf3 Kg7 20. Rh3 Rh8 21. Qf3
Nh4 22. Qe2 c4 23. Bd2 Be7 24. Be1 Nf5 25. Rxh8 Qxh8 26. e4 dxe4 27. Qxe4 Nd6
28. Qe2 b5 29. Nd7 Rd8 30. Qe5+ Kh7 31. Qxh8+ Kxh8 32. Ne5 Kg7 33. b3 f6 34. Nc6
Rd7 35. Nxe7 Rxe7 36. a4 a6 37. axb5 axb5 38. bxc4 Nxc4 39. Rb1 Rb7 40. Bf2 Kf7
41. Re1 b4 42. cxb4 Rxb4 43. Rc1 Ke7 44. d5 Ra4 45. dxe6 Kxe6 46. Re1+ Kf5 47.
g3 Nd2 48. Kg2 Re4 49. Rxe4 Nxe4 50. Bd4 g5 51. fxg5 fxg5 52. h3 Nd6 53. Kf3 Nc4
54. g4+ Kg6 55. Ke4 Nd2+ 56. Ke3 Nc4+ 57. Kd3 Nd6 58. Bc5 Nf7 59. Ke4 Kf6 60.
Bd4+ Ke6 61. Bg7 Nd6+ 62. Kf3 Nf7 63. Kg3 Nd6 64. Bh6 Kf6 65. Bf8 Nf7 66. Bc5
Ke5 67. h4 gxh4+ 68. Kxh4 Kf6 69. Kh5 Ke5 70. Be3 Ke4 71. Bh6 Ke5 72. g5 Nxg5
{Game drawn because neither player has mating material} 1/2-1/2

[Event "Team 45 45 League T58"]
[Site "Internet Chess Club"]
[Date "2013.08.22"]
[Round "1"]
[White "calsal"]
[Black "drsigmund1"]
[Result "1-0"]
[WhiteElo "1617"]
[BlackElo "1448"]
[Opening "French: advance, Euwe variation"]
[ECO "C02"]
[Time "10:33:58"]
[TimeControl "2700+45"]

1. e4 e6 2. d4 d5 3. e5 c5 4. c3 Bd7 5. Nf3 Nc6 6. Bd3 Qb6 7. dxc5 Bxc5 8. O-O
Nge7 9. b4 Bxb4 10. cxb4 Nxb4 11. Be3 Qa5 12. Nc3 Nf5 13. Bxf5 exf5 14. a3 Nc6
15. Nxd5 Rd8 16. Qd2 Qxd2 17. Bxd2 O-O 18. Bb4 Nxb4 19. axb4 Bb5 20. Ne7+ Kh8
21. Rfd1 Rde8 22. Nxf5 Be2 23. Re1 Bxf3 24. gxf3 a6 25. Nd6 Re7 26. Rac1 Rd8 27.
Kf1 f6 28. exf6 Rxe1+ 29. Rxe1 gxf6 30. Nf7+ {Black resigns} 1-0

[Event "Team 45 45 League T58"]
[Site "Internet Chess Club"]
[Date "2013.08.25"]
[Round "1"]
[White "monkhammer"]
[Black "JeffH"]
[Result "1/2-1/2"]
[WhiteElo "1622"]
[BlackElo "1501"]
[Opening "Pirc: Austrian attack, dragon formation"]
[ECO "B09"]
[Time "20:00:14"]
[TimeControl "2700+45"]

1. e4 d6 2. d4 Nf6 3. Nc3 g6 4. f4 Bg7 5. Nf3 c5 6. Bb5+ Bd7 7. e5 Ng4 8. e6
fxe6 9. Ng5 Bxb5 10. Nxe6 Bxd4 11. Nxd8 Bf2+ 12. Kd2 Be3+ 13. Ke1 Bf2+ 14. Kd2
Be3+ 15. Ke1 Bf2+ 16. Kd2 Be3+ 17. Ke1 {Game drawn by repetition} 1/2-1/2

[Event "Team 45 45 League T58"]
[Site "Internet Chess Club"]
[Date "2013.08.24"]
[Round "1"]
[White "otib2006"]
[Black "stantheman59"]
[Result "0-1"]
[WhiteElo "1301"]
[BlackElo "1199"]
[Opening "Queen's pawn"]
[ECO "A40"]
[Time "10:00:42"]
[TimeControl "2700+45"]

1. d4 e6 2. Nf3 Nc6 3. e3 Nf6 4. Bd3 Bd6 5. Nbd2 e5 6. dxe5 Nxe5 7. Nxe5 Bxe5 8.
O-O O-O 9. Nf3 Bd6 10. e4 Bc5 11. Bg5 d6 12. a3 a5 13. c3 Bd7 14. e5 dxe5 15.
Nxe5 Re8 16. Bxf6 Be7 17. Nxd7 Bxf6 18. Nxf6+ Qxf6 19. Re1 Red8 20. Qc2 g6 21.
Be4 c6 22. Red1 Re8 23. Rd7 Rab8 24. f3 b5 25. Rad1 Re7 26. Rxe7 Qxe7 27. Bxc6
Qc5+ 28. Rd4 Qxc6 29. Kh1 Qc5 30. Qe4 Kf8 31. Qd5 Qxd5 32. Rxd5 Re8 33. Rd1 Re2
34. Rb1 Ke7 35. Kg1 Kd6 36. Kf1 Rd2 37. h4 Kc5 38. b4+ axb4 39. cxb4+ Kc4 40. g3
Ra2 41. Rc1+ Kb3 42. Rc7 Rxa3 43. Rxf7 Kxb4 44. Kf2 Ra2+ 45. Ke3 Kc5 46. Rxh7
Ra3+ 47. Kf4 b4 48. Rg7 Ra5 49. Rxg6 b3 50. Rg8 b2 51. Rc8+ Kd4 52. Rd8+ Kc4 53.
Rc8+ Kb4 54. Rb8+ Rb5 55. Rxb5+ Kxb5 56. h5 b1=Q 57. Kg5 Qc1+ 58. f4 Qe1 59. g4
Qe7+ 60. Kg6 Qe6+ 61. Kg5 Qd5+ 62. f5 Qg8+ 63. Kf4 Kc6 64. g5 Qc4+ 65. Kg3 Qd3+
66. Kf4 Qd4+ 67. Kg3 Qe5+ 68. Kh4 Qxf5 69. h6 Qf4+ 70. Kh5 Qf7+ 71. Kg4 Qg6 72.
Kf4 Kd6 73. Kg4 Ke5 74. Kh4 Kf4 75. Kh3 Kxg5 {White resigns} 0-1

[Event "Team 45 45 League T58"]
[Site "Internet Chess Club"]
[Date "2013.08.24"]
[Round "1"]
[White "pmcglothin"]
[Black "THE-WARRIOR"]
[Result "1/2-1/2"]
[WhiteElo "1810"]
[BlackElo "1703"]
[Opening "French: King's Indian attack"]
[ECO "C00"]
[Time "11:33:01"]
[TimeControl "2700+45"]

1. e4 e6 2. d3 d5 3. Nd2 c5 4. Ngf3 Nc6 5. g3 Nf6 6. Bg2 Be7 7. O-O O-O 8. e5
Nd7 9. Re1 Qc7 10. Qe2 Rb8 11. Nf1 b6 12. Bf4 Ba6 13. Ne3 Rbc8 14. h4 Nd4 15.
Qd1 Nxf3+ 16. Bxf3 Nxe5 17. Bxe5 Qxe5 18. Nxd5 Qd6 19. Nxe7+ Qxe7 20. Re3 Rfd8
21. Qe1 Qf6 22. Rb1 Rd4 23. Bg2 Rc7 24. Re5 Bb7 25. Bxb7 Rxb7 26. Qe3 Rbd7 27.
f4 h6 28. Rf1 R7d5 29. Rxd5 Rxd5 30. c3 Qg6 31. Rd1 Qf5 32. Kg2 e5 33. c4 Rd4
34. Qxe5 Qg6 35. Qe3 Qd6 36. Rd2 Kh7 37. Qf3 Rxc4 38. Qg4 Qd5+ 39. Qf3 Rd4 40.
Qxd5 Rxd5 41. Kf3 f5 42. Ke3 Kg6 43. b3 Rd4 44. Rc2 Kf6 45. Rc4 Rxc4 46. dxc4
Ke6 47. Kd3 g6 48. Ke3 a6 49. a4 Kf6 50. Kf3 g5 51. hxg5+ hxg5 52. Ke3 gxf4+ 53.
gxf4 Ke6 54. Kf3 Kf6 55. Kg3 Kg6 56. Kh3 Kh5 57. Kg3 {Game drawn by mutual
agreement} 1/2-1/2

[Event "Team 45 45 League T58"]
[Site "Internet Chess Club"]
[Date "2013.08.23"]
[Round "1"]
[White "Nathan-L"]
[Black "calsal"]
[Result "1/2-1/2"]
[WhiteElo "1779"]
[BlackElo "1624"]
[Opening "English opening"]
[ECO "E61"]
[Time "10:33:51"]
[TimeControl "2700+45"]

1. c4 Nf6 2. Nc3 g6 3. Nf3 Bg7 4. d4 O-O 5. Bg5 d6 6. Bxf6 Bxf6 7. e4 c5 8. dxc5
Bxc3+ 9. bxc3 dxc5 10. Be2 Nc6 11. O-O Qa5 12. Qc2 Rd8 13. h3 h6 14. Rfd1 Be6
15. Rab1 Qc7 16. Rxd8+ Rxd8 17. Rd1 Na5 18. Rxd8+ Qxd8 19. Nd2 Qd7 20. Qd3 Qxd3
21. Bxd3 a6 22. f4 f5 23. exf5 Bxf5 24. Bxf5 gxf5 25. Kf2 Kf7 26. Kg3 Nc6 27.
Nf3 Nd8 28. Ne5+ Kg7 29. Nd7 Ne6 30. Kf3 Kf7 31. g4 Kg6 32. Nb6 Nc7 33. Nc8 e6
34. Nb6 fxg4+ 35. hxg4 Ne8 36. Nd7 b6 37. Nxb6 Nf6 38. Na4 Nd7 39. Ke4 Kf6 40.
Nb2 Kg6 41. Nd3 Kf6 42. Kf3 Kg6 43. Kg3 Kf6 44. Nf2 Kg6 45. Ne4 h5 46. g5 Kf5
47. Kf3 e5 48. Ng3+ Kg6 49. Ke4 exf4 50. Kxf4 Nf8 51. Nxh5 Kxh5 52. Kf5 Ng6 53.
Ke6 Nf4+ 54. Kd6 Nd3 55. Kc6 Nc1 56. Kxc5 Nxa2 57. Kb6 Nxc3 58. Kxa6 Ne4 59. Kb6
Kxg5 60. Kc6 Kf5 61. Kd5 Nc3+ 62. Kd6 Ne4+ 63. Kd5 Nc3+ 64. Kd4 Na4 65. Kd5 Nc3+
66. Kc6 Ne4 67. c5 Nxc5 {Game drawn because neither player has mating material}
1/2-1/2

[Event "Team 45 45 League T58"]
[Site "Internet Chess Club"]
[Date "2013.08.26"]
[Round "1"]
[White "quale"]
[Black "toukon"]
[Result "0-1"]
[WhiteElo "1723"]
[BlackElo "1746"]
[Opening "Scandinavian: Pytel-Wade variation"]
[ECO "B01"]
[Time "21:01:59"]
[TimeControl "2700+45"]

1. e4 d5 2. exd5 Qxd5 3. Nc3 Qd6 4. d4 Nf6 5. Nf3 c6 6. Bc4 Be6 7. Qd3 Bxc4 8.
Qxc4 e6 9. Bg5 Be7 10. Bxf6 Bxf6 11. Ne4 Qf4 12. Nxf6+ Qxf6 13. O-O Nd7 14. Qb4
Nb6 15. a4 Qe7 16. Qb3 O-O 17. c4 Rab8 18. Rfe1 Qf6 19. Ne5 Rfd8 20. a5 Nd7 21.
Nf3 Qf4 22. Ra4 e5 23. Nxe5 Nxe5 24. dxe5 Rd2 25. Rf1 Qxe5 26. Rb4 Qxa5 27. Rxb7
Rxb7 28. Qxb7 Qb6 29. Re1 Qxf2+ {White resigns} 0-1

[Event "Team 45 45 League T58"]
[Site "Internet Chess Club"]
[Date "2013.08.26"]
[Round "1"]
[White "CKNIGHT3"]
[Black "Constrictor"]
[Result "1-0"]
[WhiteElo "1740"]
[BlackElo "1733"]
[Opening "QGD Slav: Dutch variation"]
[ECO "D18"]
[Time "20:44:26"]
[TimeControl "2700+45"]

1. d4 c6 2. c4 d5 3. Nc3 Nf6 4. Nf3 dxc4 5. a4 Bf5 6. e3 e6 7. Bxc4 Bb4 8. O-O
Nbd7 9. Bd3 Bxc3 10. bxc3 Ne4 11. Qc2 Ndf6 12. Nh4 Qa5 13. Nxf5 exf5 14. Bb2 O-O
15. f3 Nd6 16. Ba3 Rad8 17. e4 fxe4 18. fxe4 Ng4 19. Bb4 Qh5 20. h3 Ne3 21. Qf2
Nxf1 22. e5 Nc8 23. Bxf8 Rxf8 24. Rxf1 Ne7 25. c4 Qg5 26. Rd1 a6 27. Qb2 Qe3+
28. Kh1 Ng6 29. Bf1 Rd8 30. Qxb7 Rxd4 31. Qb6 Re4 32. Rd8+ Nf8 33. Rxf8+ {Black
resigns} 1-0

[Event "Team 45 45 League T58"]
[Site "Internet Chess Club"]
[Date "2013.08.24"]
[Round "1"]
[White "ghostfire"]
[Black "sharky123"]
[Result "0-1"]
[WhiteElo "1734"]
[BlackElo "1701"]
[Opening "Caro-Kann: exchange variation"]
[ECO "B13"]
[Time "17:01:11"]
[TimeControl "2700+45"]

1. e4 c6 2. d4 d5 3. exd5 cxd5 4. Bd3 Nc6 5. c3 Nf6 6. Nf3 Bg4 7. O-O e6 8. Bf4
Bd6 9. Bxd6 Qxd6 10. Nbd2 O-O-O 11. b4 a6 12. Qa4 Kd7 13. Ne5+ Ke7 14. Nxc6+
Qxc6 15. Qxc6 bxc6 16. Bxa6 h5 17. a4 Bf5 18. Bb7 Kd7 19. a5 Kc7 20. a6 Nd7 21.
Nf3 Rdg8 22. Rfc1 Bd3 23. Ng5 Rf8 24. Ra3 Bc4 25. Nf3 Rfg8 26. Nd2 Nb6 27. Nf3
Nd7 28. Ne5 Nxe5 29. dxe5 g5 30. Ra5 Kb6 31. Rc5 Bxa6 32. Bxa6 Kxa6 33. Rxc6+
Kb5 34. Rc7 Rf8 35. Ra1 Kb6 36. Raa7 Rc8 37. Rcb7+ Kc6 38. Rxf7 Kb5 39. Ra3 d4
40. Ra5+ Kb6 41. Rf6 dxc3 42. Rxe6+ Kb7 43. Rb5+ Ka7 44. Re7+ Ka6 45. Ra5+ Kb6
46. Re6+ Kb7 47. Ra1 c2 48. Re7+ Kb8 49. Rc1 Rhd8 {White resigns} 0-1